AoeStats
← ribbly

Arena

504809742Analyzed
1v1 RM · 24d ago on Sep 6, 2026· 39m 10s· 2 players
Game mode
Random Map
Map size
Tiny (2 player)
Population
200
Speed
Normal
Resources
Standard
Victory
Conquest
Starting age
Dark Age
Ending age
Imperial Age
RankedLock teamsTeams togetherTeam positionsShared explorationLock speedFull tech treeHidden civsTurbo modeCheats
Victory
Defeat
🇳🇱 Jurchens · Netherlands
742
+17
🇪🇸 Spanish · Spain
764
-17
0ctopus_prime
11:46 Feudal Age
13:18 Horse Collar
16:08 Castle Age
14:42 Double-Bit Axe
18:42 Loom
20:59 Heavy Plow
21:19 Bow Saw
27:37 Wheelbarrow
27:23 Stone Mining
27:26 Gold Mining
31:31 Imperial Age
29:58 Siege Engineers
32:28 Thunderclap Bombs
33:45 Hand Cart
37:29 Chemistry
37:19 Conscription
38:28 Two-Man Saw
ribbly
10:48 Feudal Age
14:59 Castle Age
13:23 Horse Collar
16:32 Loom
24:58 Ballistics
28:02 Scale Barding Armor
30:23 Heavy Plow
36:00 Imperial Age
34:59 Chain Barding Armor
36:32 Capped Ram
Connection lost

Rejoining the realm…

Still unreachable

The connection could not be restored.

Session expired

The server has moved on; the page needs a fresh start.